[Event "Live Chess"]
[Site "Chess.com"]
[Date "2024.06.01"]
[Round "-"]
[White "PureDashingOctopus"]
[Black "bill77678"]
[Result "1-0"]
[WhiteElo "2221"]
[BlackElo "1818"]
[TimeControl "300"]
[EndTime "10:13:12 PDT"]
[Termination "PureDashingOctopus won by resignation"]

1. e4 c6 2. Nc3 d5 3. Nf3 dxe4 4. Nxe4 Nf6 5. Qe2 Nxe4 6. Qxe4 Nd7 7. Bc4 Nf6 8. Ne5 e6 9. Qe2 b5 10. Bb3 Qc7 11.
O-O Bd6 12. d4 O-O 13. Bg5 Bxe5 14. dxe5 Nd5 15. c4 bxc4 16. Bxc4 Qb6 17. Bd3 Qd4 18. Rad1 Nf4 19. Bxh7+ Kxh7 20. Qc2+ Nd3 21. Rxd3 Qe4 22. Rh3+ 1-0

[Event "Live Chess"]
[Site "Chess.com"]
[Date "2024.06.01"]
[Round "-"]
[White "A3ndrey9"]
[Black "Bob2pen"]
[Result "0-1"]
[WhiteElo "1258"]
[BlackElo "1820"]
[TimeControl "300"]
[EndTime "10:13:20 PDT"]
[Termination "Bob2pen won by checkmate"]

1. Nf3 Nf6 2. c4 g6 3. d4 Bg7 4.
g3 O-O 5. Bg2 c5 6. dxc5 Na6 7.
Nc3 Nxc5 8. O-O Rb8 9. Bf4 d6 10.
Re1 b6 11. Qc2 Bb7 12. e4 Ne6 13. Bg5 Nxg5 14. Nxg5 Qc7 15. Nd5 Nxd5 16. exd5 Rbc8 17. Rac1 Qc5 18. Bh3 Rc7 19. b3 Bxd5 20. cxd5 Qxc2 21. Rxc2 Rxc2 22. Rxe7 Rxa2 23. Rd7 Bd4 24. Ne4 f5 25.
Ng5 Rxf2 26. Kh1 Rc8 27. Rg7+ Kxg7 28. Ne6+ Kf6 29. Nxd4 Rc1+ 30. Bf1 Rcxf1# 0-1

[Event "Live Chess"]
[Site "Chess.com"]
[Date "2024.06.01"]
[Round "-"]
[White "booktrunk"]
[Black "hapehansen"]
[Result "0-1"]
[WhiteElo "1387"]
[BlackElo "2243"]
[TimeControl "300"]
[EndTime "10:13:39 PDT"]
[Termination "hapehansen won by resignation"]

1. d4 Nf6 2. Nc3 d5 3. Bf4 a6 4.
Nf3 e6 5. e3 Bb4 6. Bd3 Nbd7 7.
O-O c5 8. dxc5 Nxc5 9. Be2 Bxc3 10. bxc3 O-O 11. Nd4 Nce4 12. Qd3 Qe7 13. Qd1 e5 14. Qd3 exf4 0-1

[Event "Live Chess"]
[Site "Chess.com"]
[Date "2024.06.01"]
[Round "-"]
[White "NeilDruggan73"]
[Black "TheSmoulderingMaster"]
[Result "1-0"]
[WhiteElo "1758"]
[BlackElo "1731"]
[TimeControl "300"]
[EndTime "10:13:46 PDT"]
[Termination "NeilDruggan73 won by resignation"]

1. d4 Nf6 2. Bg5 Ne4 3. h4 c6 4. Nd2 Nxg5 5. hxg5 Qa5 6. Nf3 d5 7. e4 dxe4 8. Ne5 e3 9. fxe3 Nd7 10. Nf3 e5 11. g6 fxg6 12. Bd3 exd4 13. Bxg6+ Kd8 14.
Nxd4 Ne5 15. Bf7 Nxf7 16. Qf3 Ne5 17. Qg3 Nc4 18. O-O-O Qxa2 19. Nxc4 Qxc4 20. Nxc6+ Ke8 21. Rd8+ Kf7 22. Ne5+ 1-0

[Event "Live Chess"]
[Site "Chess.com"]
[Date "2024.06.01"]
[Round "-"]
[White "AnotherOneBadPlayer"]
[Black "Bradfield133"]
[Result "1-0"]
[WhiteElo "2171"]
[BlackElo "2025"]
[TimeControl "300"]
[EndTime "10:13:47 PDT"]
[Termination "AnotherOneBadPlayer won on time"]

1. Nf3 c5 2. b3 d6 3. Bb2 Nh6 4. e3 f5 5. Be2 e5 6. O-O Be7 7. c4 O-O 8. Nc3 Nd7 9. Nd5 Nf6 10.
d3 Nxd5 11. cxd5 Bf6 12. Qc2 b6 13. Nd2 Bb7 14. e4 f4 15. f3 g5 16. a4 a6 17.
Nc4 Kh8 18. Qd2 Qc7 19. b4 Rg8 20. h3 Nf7 21. a5 b5 22. Nb6 Raf8 23. Rac1 Be7 24.
d4 h5 25. bxc5 Qd8 26. c6 1-0

[Event "Live Chess"]
[Site "Chess.com"]
[Date "2024.06.01"]
[Round "-"]
[White "jimwad"]
[Black "MaximKhimchenko"]
[Result "1-0"]
[WhiteElo "1261"]
[BlackElo "1785"]
[TimeControl "300"]
[EndTime "10:14:13 PDT"]
[Termination "jimwad won by resignation"]

1. d4 d5 2. c4 e6 3. Nc3 Nf6 4. Bg5 Bb4 5. a3 Bxc3+ 6. bxc3 h6 7. Bh4 g5 8. Bg3 Ne4 9. Qd3 c6 10. e3 Nd7 11. Nf3 Nb6 12. c5 Nc4 13. Ne5 Nxe5 14. Bxe5 f6 15. Bg3 Qa5 16. f3 Qxc3+ 17. Qxc3 Nxc3 18.
Kd2 Nb5 19. a4 Nxd4 20. exd4 Kf7 21. Bd3 b6 22. cxb6 axb6 23. Rhb1 Ba6 24. Rxb6 Bxd3 25.
Kxd3 Rhc8 26. a5 f5 27. Be5 Kg6 28. g4 1-0

[Event "Live Chess"]
[Site "Chess.com"]
[Date "2024.06.01"]
[Round "-"]
[White "SavagePawn7"]
[Black "OliWally08"]
[Result "0-1"]
[WhiteElo "684"]
[BlackElo "1259"]
[TimeControl "300"]
[EndTime "10:14:49 PDT"]
[Termination "OliWally08 won by resignation"]

1. e4 d5 2. exd5 Nf6 3. d4 Nxd5 4. c4 Nf6 5. Nf3 Bg4 6. Nc3 Nc6 7. d5 Ne5 8. h3 Nxf3+ 9. gxf3 Bf5 10. Bd3 Bxd3 11.
Qxd3 e6 12. Bg5 Be7 13. Bxf6 Bxf6 14. O-O-O exd5 15. Nxd5 O-O 16. Rhg1 c6 17. Nxf6+ Qxf6 18. Qe2 Rfe8 19. Qd3 Rad8 20. Rxg7+ Kxg7 21. Qf1 Rxd1+ 22. Qxd1 Qf4+ 23. Kb1 Qf6 24. Qg1+ Qg6+ 0-1

[Event "Live Chess"]
[Site "Chess.com"]
[Date "2024.06.01"]
[Round "-"]
[White "NottheBishopSacrifice"]
[Black "Velocity"]
[Result "1-0"]
[WhiteElo "2175"]
[BlackElo "1720"]
[TimeControl "300"]
[EndTime "10:14:50 PDT"]
[Termination "NottheBishopSacrifice won by resignation"]

1. Nf3 Nf6 2. d4 g6 3. c4 Bg7 4. Nc3 d6 5. e4 O-O 6. Be2 e5 7. O-O Nc6 8. d5 Ne7 9. Ne1 Ne8 10. Nd3 f5 11. f3 f4 12. Nf2 g5 13. b4 Ng6 14. c5 Rf7 15. Bb2 Bf8 16. cxd6 Nxd6 17.
Rc1 h5 18. Nb5 Rg7 19. Nxd6 cxd6 20. Qb3 g4 21. fxg4 hxg4 22. Bxg4 Bxg4 23. Nxg4 Qh4 24. h3 f3 25. Qxf3 Nf4 26. Rce1 Re8 27. Bc1 Rf7 28.
Bxf4 Rxf4 29. Qe2 Bh6 30. Rxf4 Bxf4 31. Rf1 Re7 32. Qf3 Rf7 33. g3 Qxg3+ 34. Qxg3 Bxg3 35. Rxf7 Kxf7 36. Kg2 Be1 37. b5 Bd2 38. a4 Bf4 39.
Kf3 Kg6 40. Ne3 Bg5 41. Nf5 Bd8 42. Nxd6 Kf6 43. Nxb7 Bb6 44. d6 Ke6 45. h4 Kd7 46. h5 Kc8 47. h6 1-0

[Event "Live Chess"]
[Site "Chess.com"]
[Date "2024.06.01"]
[Round "-"]
[White "Crowded_House"]
[Black "jumush"]
[Result "1/2-1/2"]
[WhiteElo "1739"]
[BlackElo "1742"]
[TimeControl "300"]
[EndTime "10:14:52 PDT"]
[Termination "Game drawn by agreement"]

1. d4 d5 2. Bg5 c6 3. c3 h6 4. Bh4 Qb6 5. Qb3 Bf5 6. Nd2 Nd7 7. Ngf3 Ngf6 8. e3 e6 9. Be2 Bd6 10. Bg3 Bxg3 11. hxg3 O-O 12. O-O Qxb3 13. Nxb3 a5 14.
Nbd2 b5 15. a3 b4 16. axb4 axb4 17. Nb3 bxc3 18. bxc3 Rab8 19. Na5 c5 20. Nc6 Rb6 21.
Nce5 cxd4 22. cxd4 Nxe5 23. Nxe5 Rfb8 24. Bd3 Bxd3 25.
Nxd3 Ne4 26. Nc5 Nxc5 27. dxc5 Rc6 28. Rfc1 Rbc8 29. Ra5 f6 30. Kf1 e5 31. Ke2 Kf7 32. Ra7+ R8c7 33. Ra5 Ke6 34. f3 g5 35. g4 f5 36.
gxf5+ Kxf5 37. g3 h5 38. Kf2 d4 39. exd4 exd4 40. Ke2 Ke5 41. Kd3 Kd5 42. Ra4 1/2-1/2

[Event "Live Chess"]
[Site "Chess.com"]
[Date "2024.06.01"]
[Round "-"]
[White "LaupMiths"]
[Black "raimundklein"]
[Result "1-0"]
[WhiteElo "1835"]
[BlackElo "1572"]
[TimeControl "300"]
[EndTime "10:15:03 PDT"]
[Termination "LaupMiths won by checkmate"]

1. Nf3 Nf6 2. g3 g6 3. Bg2 Bg7 4. O-O O-O 5. d4 d6 6. c4 Nc6 7. b3 a6 8. Bb2 Rb8 9. Ne1 Bd7 10. Nd2 b5 11. d5 Na5 12. Qc2 bxc4 13. bxc4 c5 14.
Nd3 Bf5 15. e4 Bd7 16. Rab1 Rb6 17. e5 Ng4 18. h3 Nxe5 19. Nxe5 dxe5 20. Bc3 Rxb1 21.
Rxb1 Qc7 22. Ne4 Nb7 23. Qb2 Nd6 24. Qa3 Bf5 25. f3 Qd7 26. g4 Bxe4 27. fxe4 Nxc4 28. Qxa6 Ne3 29. Rb7 Qd6 30. Rb6 Qc7 31. Rc6 Qd7 32.
Rxc5 Rb8 33. Qc6 Rb1+ 34. Kh2 Qa7 35. Qc8+ Bf8 36. Bxe5 Qxa2 37. Qxf8+ Kxf8 38. Rc8# 1-0

[Event "Live Chess"]
[Site "Chess.com"]
[Date "2024.06.01"]
[Round "-"]
[White "Frankie_Badacsonyi"]
[Black "kylet1990"]
[Result "1-0"]
[WhiteElo "2445"]
[BlackElo "724"]
[TimeControl "300"]
[EndTime "10:15:06 PDT"]
[Termination "Frankie_Badacsonyi won by resignation"]

1. g3 e5 2. Bg2 Nf6 3. c4 Bc5 4. Nc3 Nc6 5. Nf3 O-O 6. d3 d6 7.
O-O Bg4 8. a3 Bxf3 9. Bxf3 h6 10. b4 Bb6 11. Bg2 a5 12. b5 Nd4 13. e3 Nf5 14.
Bxb7 Rb8 15. Bg2 d5 16. Nxd5 Nxd5 17. Bxd5 Qg5 18. e4 Bxf2+ 19. Rxf2 Ne3 20. Bxe3 Qg4 21. Qxg4 1-0

[Event "Live Chess"]
[Site "Chess.com"]
[Date "2024.06.01"]
[Round "-"]
[White "FlyingChessKestrel13"]
[Black "MagnersCarlsberg2870"]
[Result "1-0"]
[WhiteElo "2099"]
[BlackElo "1886"]
[TimeControl "300"]
[EndTime "10:15:13 PDT"]
[Termination "FlyingChessKestrel13 won by resignation"]

1. e4 d6 2. d4 Nf6 3. Nc3 Nbd7 4. Be3 e5 5. f3 c6 6. Nge2 h6 7. Nc1 Be7 8. Nb3 Qc7 9. Be2 a6 10. O-O g5 11. d5 c5 12. a4 Nf8 13. a5 Ng6 14. Na4 Nf4 15. Nb6 Rb8 16. Nc4 h5 17. Nxc5 g4 18. Bxf4 gxf3 19. Nd3 fxe2 20. Qxe2 Qxc4 21.
Bg5 Nxe4 22. Bxe7 Kxe7 23. Qf3 Rf8 24. Rae1 Nd2 25. Qf6+ Kd7 26. Rf2 Ne4 27. Qf5+ Kc7 28. Qxe4 Qxe4 29. Rxe4 f5 30. Rc4+ Kd8 31. Rh4 Rh8 32.
h3 Bd7 33. c4 Rc8 34. c5 e4 35.
Nf4 Rxc5 36. b4 Rc1+ 37. Kh2 Rb1 38. Ne6+ Bxe6 39. dxe6 Ke7 40. Rxf5 Kxe6 41. Rfxh5 Rxh5 42. Rxh5 Rxb4 43. Kg3 Rb5 44. Rh7 Rf5 45. Rxb7 e3 46.
Rb3 Re5 47. Kf3 e2 48. Rb1 Rxa5 49. Kxe2 Ra2+ 50. Kf3 d5 51. h4 d4 52. h5 Kf7 53.
g4 d3 54. Rd1 d2 55. Ke2 Ra4 56. g5 Ra5 57. Rg1 Rd5 58. Kd1 a5 59. g6+ Kg7 60.
h6+ Kg8 61. g7 Rh5 62. Rg6 a4 63. Rf6 Rg5 64. Rf8+ Kh7 65. Rh8+ Kg6 66. g8=Q+ Kh5 1-0

[Event "Live Chess"]
[Site "Chess.com"]
[Date "2024.06.01"]
[Round "-"]
[White "RuslanChessN"]
[Black "McFim"]
[Result "0-1"]
[WhiteElo "1965"]
[BlackElo "1587"]
[TimeControl "300"]
[EndTime "10:15:20 PDT"]
[Termination "McFim won by resignation"]

1. d4 d6 2. c4 g6 3. e4 Bg7 4. f4 c5 5. d5 Nf6 6. Nc3 O-O 7. Bd3 a6 8. a4 Ne8 9. Nf3 e6 10. O-O exd5 11. exd5 Nd7 12. Qc2 Ndf6 13. Bd2 Nc7 14. Rae1 Bd7 15. f5 b5 16. Bg5 h6 17. Bxf6 Qxf6 18. fxg6 fxg6 19. Ne5 Qxf1+ 20. Bxf1 Bf5 21. Bd3 Bxe5 22. Bxf5 Rxf5 23. g4 Rf6 24. Ne4 Bd4+ 25. Kg2 Rf4 26. h3 Kg7 27. Re2 Be5 28. Nxc5 bxc4 29.
Nd7 Nxd5 30. Nxe5 dxe5 31. Rxe5 Rd8 32. Re6 Rf6 33. Rxf6 Ne3+ 34. Kf3 Nxc2 35. Rxa6 Rb8 36. Rc6 Nd4+ 0-1

[Event "Live Chess"]
[Site "Chess.com"]
[Date "2024.06.01"]
[Round "-"]
[White "Pedrada88"]
[Black "Isambard_Thomas"]
[Result "1/2-1/2"]
[WhiteElo "2545"]
[BlackElo "2144"]
[TimeControl "300"]
[EndTime "10:15:31 PDT"]
[Termination "Game drawn by repetition"]

1. e4 Nc6 2. Nf3 d5 3. exd5 Qxd5 4. Nc3 Qh5 5. Be2 Bg4 6. h3 Nf6 7. d3 e6 8. Bf4 O-O-O 9. Qd2 Bb4 10. O-O-O Bxf3 11. Bxf3 Qa5 12. a3 Bxa3 13. bxa3 Qxa3+ 14. Kb1 Rd4 15. Na2 Nb4 16. c3 Nxa2 17. cxd4 Qb3+ 18. Qb2 Nc3+ 19.
Kc1 Na2+ 20. Kb1 Nc3+ 21. Kc1 Na2+ 22. Kb1 1/2-1/2

[Event "Live Chess"]
[Site "Chess.com"]
[Date "2024.06.01"]
[Round "-"]
[White "CarmelJane"]
[Black "akp42"]
[Result "0-1"]
[WhiteElo "2104"]
[BlackElo "2011"]
[TimeControl "300"]
[EndTime "10:15:32 PDT"]
[Termination "akp42 won by checkmate"]

1. e4 e6 2. d4 d5 3. Nd2 Be7 4. e5 c5 5. c3 Nc6 6. f4 f6 7.
Ndf3 fxe5 8. fxe5 Kd7 9. Be3 c4 10. Nh3 Nh6 11. Be2 Nf5 12. Bd2 Kc7 13. O-O Bd7 14. b3 Na5 15. bxc4 Nxc4 16. Bxc4 dxc4 17.
Qe2 b5 18. a4 a6 19. axb5 axb5 20. Nf4 g5 21. d5 gxf4 22. d6+ Nxd6 23. exd6+ Bxd6 24. Nd4 e5 25. Nf3 Qf6 26. Be1 Bc6 27. Bh4 Qf5 28. Rfe1 Rxa1 29. Rxa1 Bc5+ 30. Bf2 Bxf2+ 31.
Qxf2 Qe4 32. Ra7+ Kd6 33. Rf7 Qb1+ 34. Ne1 Qg6 35. Qd2+ Ke6 36. Rc7 Qe4 37. Nf3 Rg8 38.
Kf2 Rxg2+ 39. Kxg2 Qxf3+ 40. Kg1 Qh1+ 41. Kf2 Qxh2+ 42.
Ke1 Qg1+ 43. Ke2 f3# 0-1

[Event "Live Chess"]
[Site "Chess.com"]
[Date "2024.06.01"]
[Round "-"]
[White "Rusty_Bridges"]
[Black "IanCalvert2"]
[Result "1-0"]
[WhiteElo "1566"]
[BlackElo "1491"]
[TimeControl "300"]
[EndTime "10:15:37 PDT"]
[Termination "Rusty_Bridges won on time"]

1. e4 d5 2. exd5 Qxd5 3. Nc3 Qd6 4. d4 Nf6 5. Nf3 a6 6. Bc4 b5 7. Bxf7+ Kxf7 8. Ne5+ Ke8 9. Qf3 c6 10. O-O Bb7 11. Re1 Nbd7 12. Bg5 b4 13. Na4 Nxe5 14.
dxe5 Qd5 15. Qxd5 Nxd5 16. c4 bxc3 17. bxc3 h6 18. Bh4 g5 19. Bg3 Nf4 20. Nb6 Rd8 21.
e6 Bg7 22. Rac1 Rd6 23. c4 Rxe6 24. Rxe6 Nxe6 25. Rd1 Bd4 26. Na4 Kf7 27. Kf1 c5 28. Nb6 Nf4 29. f3 e6 30. Bf2 Rd8 31. Bxd4 Rxd4 32. Re1 Nd3 33. Re2 Nc1 34. Re1 Nxa2 35. Ra1 Nc3 36. Rc1 Rd1+ 37. Rxd1 Nxd1 38. Ke2 Nb2 39.
Kd2 a5 40. Kc3 Nd1+ 41. Kd2 Nf2 42. Kc3 Kf6 43. Kb3 Ke5 44. Ka4 Kd4 45. Kxa5 Bc6 46.
Nc8 Nd1 47. Ne7 Nc3 48. Nxc6+ Kxc4 49. Ne7 Nd5 50. Ng6 Kd3 51. Ne5+ Kd4 52. Kb5 c4 53. Nxc4 1-0

[Event "Live Chess"]
[Site "Chess.com"]
[Date "2024.06.01"]
[Round "-"]
[White "viktor_forever1994"]
[Black "PaulHumphreys"]
[Result "0-1"]
[WhiteElo "1393"]
[BlackElo "1374"]
[TimeControl "300"]
[EndTime "10:15:46 PDT"]
[Termination "PaulHumphreys won by checkmate"]

1. e4 e6 2. Nf3 d5 3. d4 dxe4 4. Ng1 Nf6 5. a3 c5 6. Be3 Nc6 7. c3 cxd4 8. Bxd4 Nxd4 9. Qxd4 Qxd4 10. cxd4 Bd7 11. Nd2 Rc8 12. Ne2 Be7 13. Nc3 Bc6 14. Bb5 O-O 15. Bxc6 Rxc6 16. Ndxe4 Nxe4 17. Nxe4 Rc2 18.
b4 Rfc8 19. O-O R2c4 20. Rfd1 Rd8 21. g3 Rcxd4 22. Rxd4 Rxd4 23. Nc3 Bf6 24. Rc1 Rc4 25. Ne2 Rxc1+ 26. Nxc1 Bb2 27. Nd3 Bxa3 28. Kf1 Kf8 29. Ke2 Ke7 30. Ke3 b6 31. Ke4 f6 32.
Kd4 Kd6 33. Kc4 a5 34. Kb3 axb4 35. Nxb4 Bxb4 36. Kxb4 Kc6 37. Kc4 g5 38. f3 h5 39.
h3 f5 40. g4 hxg4 41. hxg4 fxg4 42. fxg4 b5+ 43. Kb4 e5 44. Kc3 Kd5 45. Kd3 b4 46. Ke3 b3 47. Kd2 Kd4 48. Kc1 Kd3 49. Kb2 Kc4 50.
Kc1 e4 51. Kb2 e3 52. Ka1 e2 53. Kb2 e1=Q 54. Ka3 Qa1# 0-1

[Event "Live Chess"]
[Site "Chess.com"]
[Date "2024.06.01"]
[Round "-"]
[White "SirGerhard"]
[Black "Cruiseylee78"]
[Result "1-0"]
[WhiteElo "2771"]
[BlackElo "1652"]
[TimeControl "300"]
[EndTime "10:16:15 PDT"]
[Termination "SirGerhard won by checkmate"]

1. e4 d6 2. d4 Nd7 3. Nc3 e5 4. Nf3 h6 5. h4 c6 6. g3 Ngf6 7. Bg2 Be7 8. O-O Qc7 9. a4 Rg8 10. a5 Ng4 11. a6 g5 12. hxg5 hxg5 13. axb7 Bxb7 14. Nxg5 Bxg5 15. Qxg4 O-O-O 16. Bxg5 f6 17. Rxa7 Rxg5 18. Qe6 Qb6 19. Rfa1 Qxd4 20. Qb3 Nb6 21.
Ne2 Qc5 22. R1a5 Qc4 23. Qxb6 Rd7 24. Ra8+ Bxa8 25. Rxa8# 1-0

[Event "Live Chess"]
[Site "Chess.com"]
[Date "2024.06.01"]
[Round "-"]
[White "dl_chess"]
[Black "lyricalschemes"]
[Result "0-1"]
[WhiteElo "1163"]
[BlackElo "2196"]
[TimeControl "300"]
[EndTime "10:16:18 PDT"]
[Termination "lyricalschemes won by resignation"]

1. e4 Nf6 2. Nc3 e5 3. f4 d5 4. fxe5 Nxe4 5. Qf3 Nc6 6. Nxe4 Nd4 7. Qc3 dxe4 8. Ne2 Nc6 9. Ng3 Qh4 10. Bc4 Bc5 11.
Bxf7+ Kxf7 12. Qxc5 Re8 13. O-O+ Kg8 14. d3 exd3 15. cxd3 Qd4+ 16. Qxd4 Nxd4 17. Bf4 Bg4 18. Rac1 c6 19. h3 Be6 20. Ne4 Ne2+ 21. Kh1 Nxc1 22.
Rd1 Ne2 23. Bh2 Bd5 24. Re1 Nd4 25. Nc3 Re6 26. Nxd5 cxd5 27. Rc1 Rf8 28. Kg1 Ne2+ 0-1

[Event "Live Chess"]
[Site "Chess.com"]
[Date "2024.06.01"]
[Round "-"]
[White "gmnorfolk"]
[Black "Dhaydon19"]
[Result "1-0"]
[WhiteElo "2146"]
[BlackElo "2688"]
[TimeControl "300"]
[EndTime "10:16:21 PDT"]
[Termination "gmnorfolk won by checkmate"]

1. c4 c6 2. Nf3 d5 3. e3 Nf6 4. Qc2 g6 5. b3 Bg7 6. Bb2 O-O 7. Nc3 Bf5 8. d3 Nbd7 9. Be2 Nb6 10.
h3 dxc4 11. e4 cxd3 12. Bxd3 Be6 13. O-O-O Qc7 14. h4 Bg4 15. Rde1 Bxf3 16. gxf3 Nh5 17. f4 Qxf4+ 18. Kb1 Rad8 19. e5 Nd5 20. Nxd5 cxd5 21. Rhg1 Rc8 22. Qe2 Qxh4 23. Rh1 Qb4 24. Rxh5 gxh5 25.
Rg1 Qh4 26. e6 f6 27. Qf3 Qh2 28. Rh1 Qc7 29. Bxh7+ Kh8 30. Qxh5 Qf4 31. Bf5+ Bh6 32. Qg6 Qxf5+ 33. Qxf5 Kg7 34. Rg1+ Bg5 35. Rxg5+ Kh8 36. Rh5+ Kg8 37. Qg6# 1-0

[Event "Live Chess"]
[Site "Chess.com"]
[Date "2024.06.01"]
[Round "-"]
[White "Tatarinov_Maxim"]
[Black "Grace6363"]
[Result "1-0"]
[WhiteElo "2282"]
[BlackElo "1121"]
[TimeControl "300"]
[EndTime "10:16:25 PDT"]
[Termination "Tatarinov_Maxim won by resignation"]

1. Nf3 c5 2. g3 Nc6 3. Bg2 e6 4.
O-O Nf6 5. c4 b6 6. d4 Bb7 7. d5 Na5 8. dxe6 dxe6 9. Qc2 Qc7 10.
Bf4 Bd6 11. Bxd6 Qxd6 12. Rd1 Qc7 13. Nc3 a6 14. b3 Nc6 15. Rd2 Nb4 16. Qb2 O-O 17.
Rad1 Rad8 18. Rxd8 Rxd8 19. Rxd8+ Qxd8 20. Qd2 Qxd2 21.
Nxd2 Bxg2 22. Kxg2 Nc6 23. e3 h5 24. Kf3 g6 25. h3 Ne5+ 26. Ke2 g5 27. f4 gxf4 28. exf4 Ng6 29. Ke3 Ne7 30. Na4 b5 31. Nxc5 bxc4 32. Nxc4 Nfd5+ 33. Kf3 Nc3 34. a3 Nf5 35. b4 Nd4+ 36.
Ke3 Nf5+ 37. Kd3 Nd5 38. g4 Nxf4+ 39. Ke4 Nxh3 40. gxf5 exf5+ 41. Kxf5 Nf2 42. Nxa6 h4 43. Kf4 h3 44. Kg3 Ne4+ 45. Kxh3 Nc3 46. Nc5 Nb5 47. a4 Nd4 48. a5 Kf8 49. a6 Nc6 50. b5 Na7 51. b6 Nc6 52. a7 1-0

[Event "Live Chess"]
[Site "Chess.com"]
[Date "2024.06.01"]
[Round "-"]
[White "degringolade64"]
[Black "GEMdzq"]
[Result "1-0"]
[WhiteElo "2072"]
[BlackElo "2331"]
[TimeControl "300"]
[EndTime "10:16:38 PDT"]
[Termination "degringolade64 won by resignation"]

1. e4 Nf6 2. e5 Nd5 3. d4 d6 4. c4 Nb6 5. f4 g6 6. Nc3 Bg7 7. Be3 dxe5 8. dxe5 O-O 9. Qxd8 Rxd8 10. c5 Nd5 11. Nxd5 Rxd5 12. Bc4 Rd8 13. Nf3 h6 14. O-O Nc6 15. Rad1 Be6 16. Bxe6 fxe6 17. h4 Rd5 18. Rxd5 exd5 19. Rd1 e6 20. a3 a5 21.
Nd4 Nxd4 22. Rxd4 Bf8 23. Ra4 Ra6 24. b4 axb4 25. Rxa6 bxa6 26. axb4 Kf7 27. Kf2 Ke8 28. Ke2 Kd7 29. Kd3 Kc6 30. Kc3 Kb5 31. g4 Be7 32. h5 gxh5 33. gxh5 Bf8 34. Bd2 a5 35. bxa5 Bxc5 36. Kd3 Bf8 37. f5 exf5 38. Kd4 Kc6 39. a6 Bc5+ 40. Kc3 Bf8 41. Be3 f4 42. Bxf4 Kb6 43.
Kd4 c6 44. e6 Bg7+ 45. Kd3 c5 46. e7 c4+ 47. Kc2 d4 48. e8=Q d3+ 49. Kd1 c3 50.
Qe3+ Kxa6 51. Qxd3+ Kb6 52. Qg6+ 1-0

[Event "Live Chess"]
[Site "Chess.com"]
[Date "2024.06.01"]
[Round "-"]
[White "vincents82"]
[Black "f4nomore"]
[Result "1-0"]
[WhiteElo "2145"]
[BlackElo "1193"]
[TimeControl "300"]
[EndTime "10:16:39 PDT"]
[Termination "vincents82 won on time"]

1. e4 g6 2. d4 Bg7 3. Nc3 d6 4. Be3 Nf6 5. f3 O-O 6. Qd2 Nbd7 7. Bh6 c5 8. Nge2 cxd4 9. Nxd4 Nc5 10. h4 Qb6 11.
O-O-O e5 12. Nb3 Nxb3+ 13. axb3 Be6 14. Bxg7 Kxg7 15. Qxd6 Qe3+ 16. Qd2 Qb6 17. g4 Rac8 18. h5 Qa5 19. Kb1 Rfd8 20. Bd3 Rd4 21. h6+ Kf8 22. Na4 Qxd2 23. Rxd2 Nd7 24. Rhd1 b5 25. Bxb5 Rxd2 26. Rxd2 Nb6 27. Nxb6 axb6 28. c4 Ke7 29. Kc2 f6 30. Kc3 f5 31. gxf5 gxf5 32. Rg2 fxe4 33.
fxe4 Kf6 34. b4 Bf7 35. b3 Bg6 36. Rf2+ Kg5 37. Rh2 Rf8 38. c5 bxc5 39. bxc5 Rf3+ 40. Bd3 Bxe4 41. Rd2 Bc6 42. Re2 Kf6 43. b4 1-0

[Event "Live Chess"]
[Site "Chess.com"]
[Date "2024.06.01"]
[Round "-"]
[White "Queensandpawns"]
[Black "GwaryTek"]
[Result "1-0"]
[WhiteElo "2475"]
[BlackElo "1894"]
[TimeControl "300"]
[EndTime "10:16:46 PDT"]
[Termination "Queensandpawns won on time"]

1. e4 Nf6 2. d4 Nxe4 3. Bc4 Nf6 4. Nf3 d5 5. Bd3 Bg4 6. O-O e6 7. Nbd2 c5 8. h3 Bh5 9. g4 Bg6 10. dxc5 Bxc5 11. Ne5 Nc6 12. Nxg6 hxg6 13. Qf3 Ne5 14. Bb5+ Ke7 15. Qg3 Bd6 16. f4 Qb6+ 17. Kg2 Nexg4 18. hxg4 Qxb5 19. Re1 g5 20. Nb3 Rac8 21. Nd4 Qa4 22. Nf5+ Kd7 23. Nxd6 Rxc2+ 24. Kg1 Kxd6 25. fxg5+ Kd7 26.
gxf6 gxf6 27. Be3 Rg8 28. Bf4 Rc4 29. b3 1-0

[Event "Live Chess"]
[Site "Chess.com"]
[Date "2024.06.01"]
[Round "-"]
[White "ACM42"]
[Black "Bazzza132"]
[Result "1/2-1/2"]
[WhiteElo "2199"]
[BlackElo "1690"]
[TimeControl "300"]
[EndTime "10:16:49 PDT"]
[Termination "Game drawn by repetition"]

1. e4 e5 2. Nf3 Nc6 3. Bc4 Nf6 4. d4 exd4 5. e5 d5 6. Bb5 Ne4 7. Nxd4 Bd7 8. Bxc6 Bxc6 9. c3 Bc5 10. O-O O-O 11. f3 Bxd4+ 12. cxd4 Bb5 13. fxe4 Bxf1 14. Qxf1 dxe4 15.
Be3 f5 16. exf6 Rxf6 17. Qc4+ Kh8 18. Nc3 Qe7 19. Rf1 Rxf1+ 20. Kxf1 Qf6+ 21. Kg1 Qe7 22. Qd5 c6 23. Qe5 Qh4 24. g3 Qg4 25. Nxe4 Qe2 26.
Bf4 Qxb2 27. Ng5 Qb1+ 28. Kg2 Qg6 29. h4 Re8 30. Qc7 Re2+ 31. Kf3 Qd3+ 32. Kg4 Re8 33. Be5 Qe2+ 34. Nf3 Qe4+ 35. Kh3 Qf5+ 36. Kg2 Qg6 37. h5 Qc2+ 38. Kf1 Qd1+ 39. Ne1 Rf8+ 40. Kg2 Qe2+ 41.
Kh3 Qxh5+ 42. Kg2 Qe2+ 43. Kh3 Qh5+ 44. Kg2 Qe2+ 45. Kh3 Qh5+ 1/2-1/2

[Event "Live Chess"]
[Site "Chess.com"]
[Date "2024.06.01"]
[Round "-"]
[White "jimwad"]
[Black "PureDashingOctopus"]
[Result "0-1"]
[WhiteElo "1261"]
[BlackElo "2221"]
[TimeControl "300"]
[EndTime "10:16:51 PDT"]
[Termination "PureDashingOctopus won by resignation"]

1. d4 Nf6 2. c4 g6 3. Nc3 d5 4. e3 Bg7 5. Nf3 O-O 6. Be2 dxc4 7. Bxc4 c5 8. O-O Nc6 9. dxc5 Qa5 10.
Bb3 Qxc5 11. Bd2 Bg4 12. Rc1 Qh5 13. Nd5 Nxd5 14. Bxd5 Qxd5 0-1

[Event "Live Chess"]
[Site "Chess.com"]
[Date "2024.06.01"]
[Round "-"]
[White "SebasASB"]
[Black "MaximKhimchenko"]
[Result "1-0"]
[WhiteElo "2157"]
[BlackElo "1782"]
[TimeControl "300"]
[EndTime "10:17:12 PDT"]
[Termination "SebasASB won by checkmate"]

1. g4 e5 2. Bg2 Ne7 3. c4 Ng6 4. Nc3 Nf4 5. Bf1 Qh4 6. Nf3 Qxg4 7. d4 exd4 8. Qxd4 Ng2+ 9. Bxg2 Qxg2 10. Qe5+ Be7 11. Rg1 Qh3 12. Nd5 Na6 13. Qxe7# 1-0

[Event "Live Chess"]
[Site "Chess.com"]
[Date "2024.06.01"]
[Round "-"]
[White "CheckThis4"]
[Black "DJ_Lambton"]
[Result "1-0"]
[WhiteElo "2693"]
[BlackElo "1778"]
[TimeControl "300"]
[EndTime "10:17:22 PDT"]
[Termination "CheckThis4 won by resignation"]

1. d4 d5 2. Nc3 Nf6 3. e4 dxe4 4.
f3 exf3 5. Nxf3 e6 6. Bd3 Bb4 7. O-O Nbd7 8. Bg5 Be7 9. Qd2 b6 10. Ne5 Bb7 11. Rae1 Nxe5 12. dxe5 Nd5 13. Nxd5 Bxg5 14.
Nxc7+ Qxc7 15. Qxg5 O-O 16. Re3 Qc5 17. Kh1 Rad8 18.
Rh3 Rxd3 19. cxd3 Qc2 20. Rg3 g6 21. h4 h5 22. Kh2 Ba6 23. Rff3 Qe2 24. Qxh5 Kg7 25.
Rxf7+ Rxf7 26. Qxe2 Kg8 27. Rxg6+ 1-0

[Event "Live Chess"]
[Site "Chess.com"]
[Date "2024.06.01"]
[Round "-"]
[White "blunderabit"]
[Black "14141409"]
[Result "0-1"]
[WhiteElo "1814"]
[BlackElo "2562"]
[TimeControl "300"]
[EndTime "10:17:27 PDT"]
[Termination "14141409 won on time"]

1. e4 c5 2. Nf3 Nc6 3. Bb5 Nf6 4.
Nc3 Qc7 5. Nd5 Nxd5 6. exd5 Nd4 7. Nxd4 cxd4 8. Qf3 a6 9. Bd3 g6 10. O-O Bg7 11. Re1 d6 12. b3 O-O 13. Qe2 e5 14.
dxe6 fxe6 15. Ba3 Re8 16. h4 e5 17. Be4 Be6 18. h5 d5 19. Bf3 e4 20. Bg4 d3 21.
cxd3 Bxa1 22. Rxa1 Qe5 23. Re1 Bxg4 24. Qxg4 Qxh5 25.
Qd7 Qf5 26. Qxb7 exd3 27. Re7 Qf6 28. Qxd5+ Kh8 29. Bc5 Rxe7 30. Bd4 Rf8 31. Bxf6+ Rxf6 32. Qd8+ Kg7 33. Qxe7+ Rf7 34. Qe5+ Rf6 35. Qd4 Kf7 36. Qxd3 h5 37. b4 Ke7 38. a4 Rd6 39. Qe3+ Re6 0-1